[Event "13th Dolomiti-Forni di Sopra-A 2022"]
[Site "Forni di Sopra"]
[Date "2022.06.18"]
[Round "8.9"]
[White "Fiorido, Giuseppe"]
[Black "Harshita Guddanti"]
[Result "0-1"]
[ECO "C68"]
[WhiteElo "2002"]
[BlackElo "2208"]
[Annotator "TA"]
[PlyCount "100"]
[EventDate "2022.06.13"]
[EventType "swiss"]
[EventCountry "ITA"]
[SourceTitle "playchess.com"]
[Source "ChessBase"]
[SourceQuality "1"]
[TimeControl "40/5400+30:1800+30"]

1. e4 e5 2. Nf3 Nc6 3. Bb5 a6 4. Bxc6 dxc6 5. O-O Bg4 6. h3 h5 7. d3 Qf6 8. Nbd2 {[%emt 0:00:08] 8.Be3 might become the main line.} Ne7 9. Re1 {[%emt 0:00:39] [#]} Ng6 $1 10. Nf1 {[%emt 0:01:42] C68: Ruy Lopez: Exchange Variation, sidelines.} (10. d4 {is interesting.} Nf4 11. dxe5 Qg6 12. Nh4) 10... Bxf3 11. Qxf3 Qxf3 12. gxf3 {[%emt 0:00:09] Black is slightly better.} Nh4 13. Nh2 g5 {[%emt 0:02:06] Inhibits f4. Black is more active.} 14. Kf1 Be7 15. Ke2 O-O-O 16. Rg1 Rhg8 {[%emt 0:01:34] [#]} 17. Bd2 $146 ({Predecessor:} 17. Nf1 Ng6 18. Ng3 Nf4+ 19. Bxf4 exf4 20. Nf5 Bf8 21. Rg2 f6 22. Rag1 h4 23. d4 {½-½ (46) Muslimov,E (2139)-Kuropatkin,P Penza 2008}) 17... f5 18. Bc3 Ng6 {[%emt 0:09:49] White must now prevent ...Nf4+.} 19. Bd2 Rdf8 20. Nf1 Rf7 21. Ng3 Nh4 22. Nxf5 Nxf5 23. exf5 Rxf5 24. Raf1 (24. h4 $11) 24... Rgf8 $15 25. Be3 Kd7 26. Rg3 h4 27. Rg4 Ke6 28. d4 Rxf3 29. dxe5 R8f5 30. Bxg5 $1 Rxh3 (30... Bxg5 $142 31. Rxg5 Rxf2+ 32. Rxf2 Rxg5) 31. Bf4 $11 Bc5 32. c3 {[%emt 0:03:25] Inhibits Bd4.} Rf7 33. Rfg1 Rf5 $2 (33... a5 $14) 34. Rg6+ $1 $18 Kd5 35. R1g4 Rh1 $2 (35... b5 36. e6 Be7) 36. b3 b5 {[%emt 0:00:59] Inhibits c4+.} 37. b4 $2 (37. e6 $18) 37... Bf8 (37... Bxf2 $2 38. Kxf2 h3 39. e6 $18) (37... h3 $1 $11 {remains equal.}) 38. e6 ({White should try} 38. Be3 $1 $16 {Hoping for Rd4+.} c5 39. Rxa6) 38... Ra1 $2 {[%emt 0:01:27] [#]} ({Better is} 38... c5 $14) 39. R4g5 $4 {[%emt 0:03:58][%mdl 8192] [#]} ({Weaker is} 39. Rxh4 Be7 40. Rh7 Rxf4 $11) ({Stronger than} 39. Bxc7 Rxa2+ 40. Ke1 c5 41. Rxh4 Raxf2 $11) (39. Be3 $1 $18 {is the narrow road to win. aiming for Rd4+.} c5 40. bxc5 (40. Rxh4 Rxa2+ 41. Kf1 Re5 $11)) 39... Ke4 ({But not} 39... Rxa2+ 40. Kd3 Rxg5 41. Bxg5 $16) (39... Rxg5 $1 $19 40. Rxg5+ Kxe6) 40. Rxf5 $2 ({White should play} 40. Bd2 $11 Be7 41. Rg4+ Ke5 42. Rg7) 40... Kxf5 41. Rh6 $2 Kxf4 $19 {[%emt 0:02:32][%mdl 4096] Endgame KRB-KR} 42. Rf6+ Ke5 43. Rxf8 {[%emt 0:00:10] Threatening mate with e7.} Rxa2+ {[%emt 0:00:03] KR-KR} 44. Ke3 {[%emt 0:00:59] Intending e7 and mate.} Kxe6 45. Rh8 Rc2 46. Kd3 Rxf2 47. Rxh4 Ke5 (47... c5 $142 48. Rh7 Rf7) 48. Ke3 (48. Rh7 {was the only chance.}) 48... Rf6 49. Re4+ (49. c4 {was worth a try.} Rf1 50. Re4+ Kd6 51. Rd4+ Ke6 52. Kd2) 49... Kd6 {[%emt 0:00:05] ( -> ...Re6)} 50. Rh4 c5 {[%emt 0:00:25] Weighted Error Value: White=0.47/Black=0.39} 0-1

[Event "13th Dolomiti-Forni di Sopra-A 2022"]
[Site "Forni di Sopra"]
[Date "2022.06.18"]
[Round "8.10"]
[White "Tonel, Giulia"]
[Black "Goh, Zi Han"]
[Result "1-0"]
[ECO "B90"]
[WhiteElo "1964"]
[BlackElo "2087"]
[Annotator "RC"]
[PlyCount "81"]
[EventDate "2022.06.13"]
[EventType "swiss"]
[EventCountry "ITA"]
[SourceTitle "playchess.com"]
[Source "ChessBase"]
[SourceQuality "1"]
[TimeControl "40/5400+30:1800+30"]

1. e4 c5 2. Nf3 d6 3. d4 cxd4 4. Nxd4 Nf6 5. Nc3 a6 6. h3 e5 7. Nde2 b5 8. g4 b4 9. Nd5 Nxd5 10. exd5 Nd7 11. Bg2 Bb7 12. Ng3 Rc8 13. Be3 Qc7 14. Qd2 a5 15. a3 bxa3 16. Rxa3 Qxc2 17. Rxa5 g6 18. O-O Qxd2 19. Bxd2 Be7 20. Bb4 O-O 21. Ne4 Ra8 22. Rxa8 Bxa8 23. Bxd6 Bxd6 24. Nxd6 Nf6 25. Rd1 h6 26. Nc4 e4 27. d6 Rd8 28. Nb6 Bc6 29. Bf1 Kf8 30. b4 Rb8 31. b5 Bd7 32. Nxd7+ Nxd7 33. Rd4 Nf6 34. Rc4 Ke8 35. Rc7 Nd5 36. Ra7 Nc3 37. Re7+ Kf8 38. Bc4 Nxb5 39. Rxf7+ Ke8 40. d7+ Kd8 41. Rf8+ 1-0

[Event "13th Dolomiti-Forni di Sopra-A 2022"]
[Site "Forni di Sopra"]
[Date "2022.06.19"]
[Round "9.1"]
[White "Prraneeth Vuppala"]
[Black "Bernadskiy, Vitaliy"]
[Result "1/2-1/2"]
[ECO "B04"]
[WhiteElo "2447"]
[BlackElo "2636"]
[Annotator "TA"]
[PlyCount "175"]
[EventDate "2022.06.13"]
[EventType "swiss"]
[EventCountry "ITA"]
[SourceTitle "playchess.com"]
[Source "ChessBase"]
[SourceQuality "1"]
[TimeControl "40/5400+30:1800+30"]

1. e4 Nf6 2. e5 Nd5 3. d4 d6 4. Nf3 dxe5 5. Nxe5 c6 6. c4 Nb4 {[%emt 0:00:47][%cal Od8d4] B04: Alekhine's Defence: 4 Nf3.} 7. Nd3 e5 8. Nxe5 {[%emt 0:09:58] [#]} Qxd4 {[%emt 0:00:30] Black is slightly better.} 9. Qe2 {[%emt 0:02:49] [#]} Nc2+ $1 10. Qxc2 Bb4+ {[%emt 0:00:02] [#]} 11. Nc3 $146 {[%emt 0:01:50] Strongly threatening Nf3.} ({Predecessor:} 11. Bd2 Qxe5+ 12. Be2 Bf5 13. Qb3 Bxd2+ 14. Nxd2 O-O 15. Nf1 Na6 16. Ne3 Nc5 17. Qa3 {1-0 (32) Mohacsi,I (1972)-Monus,Z (1990) Hungary 2018}) 11... Qxe5+ 12. Qe2 Nd7 13. Bf4 Qxe2+ 14. Bxe2 Nb6 15. Rc1 Na4 16. Bd2 Nxc3 17. Bxc3 Bxc3+ 18. Rxc3 Be6 19. Kd2 O-O-O+ 20. Kc1 Kc7 21. Rd1 Rxd1+ 22. Bxd1 $11 {[%emt 0:01:17][%mdl 4096] Endgame KRB-KRB} Rd8 23. b3 Rd4 24. g3 h6 25. Bc2 Kd6 26. Rf3 b5 27. cxb5 cxb5 28. a3 a5 29. Kb2 b4 30. axb4 axb4 31. h4 Bd5 32. Re3 (32. Rf5 $1 $15) 32... Rd2 $17 33. f4 Kc5 34. Kc1 Rg2 (34... Rh2 $17 35. f5 Rg2) 35. Kd1 ({Better is} 35. h5 $15) 35... f6 36. Bg6 {[%emt 0:00:31] [#]} Rf2 (36... Rh2 $1 $17) 37. h5 $2 {[%emt 0:00:43] [#]} ({Only move:} 37. Bc2 $1 $15) 37... Rf3 $1 $19 38. Re7 Rxg3 ({Stronger than} 38... Bxb3+ 39. Kd2 $17) 39. Rxg7 Bf3+ ({Not} 39... Rxb3 40. Rc7+ Kd4 41. Rd7) (39... Bxb3+ 40. Kd2 $17) 40. Kd2 Bxh5 $1 41. f5 Kd6 {[%emt 0:32:19] Against Rc7} ({Black should play} 41... Bf3 $19 {White must now prevent ...Bd5.} 42. Rc7+ Kd6) 42. Rb7 $17 Bxg6 43. fxg6 Rxb3 {[%emt 0:00:00] KR-KR} ({Inferior is} 43... Rxg6 44. Rxb4 h5 45. Rh4 $15) 44. Ke2 Rg3 45. g7 (45. Rxb4 $17 {was necessary.} Ke5 46. Rh4) 45... Ke6 (45... Kc5 $19 {Threatens to win with ...Rg4.} 46. Rc7+ Kb6) 46. Kf2 Rg5 47. Kf3 h5 48. Rxb4 Rxg7 49. Rb6+ Kf7 50. Rb7+ Kg6 51. Rb5 Kh6 52. Kf4 Rg4+ 53. Kf3 Kg6 54. Rb8 Kg5 55. Rg8+ Kh4 56. Rf8 Rg1 57. Rh8 f5 (57... Rd1 $17 58. Rg8 f5) 58. Kf2 (58. Kf4 $11 {remains equal.}) 58... Ra1 (58... Rg6 $142 59. Kf3 Kg5) 59. Kf3 Rf1+ 60. Kg2 Rf4 61. Rh7 Kg5 62. Rg7+ Kf6 63. Rh7 h4 (63... Rg4+ $17 64. Kf3 h4) 64. Rh8 $1 $11 Ke5 65. Re8+ Kd4 66. Ra8 Ke5 67. Re8+ $1 Kf6 (67... Kd5 $11) 68. Rh8 $1 $17 Ra4 {[%emt 0:00:00] Inhibits Ra8.} (68... Kg5 $17 69. Rg8+ Kh6) 69. Kf3 $11 {[%emt 0:00:29] The position is equal.} Rg4 70. Rf8+ Ke6 71. Re8+ Kf7 72. Rh8 Kg7 73. Rh5 $1 Kg6 74. Rh8 Rb4 75. Rg8+ Kf7 76. Rh8 Rg4 77. Rh7+ Ke6 78. Rh8 Ke5 79. Re8+ Kd4 80. Rd8+ Kc3 81. Rf8 Rg1 82. Kf2 Rg5 83. Rh8 Rg4 84. Rh5 Rf4+ 85. Ke3 Rf1 86. Rxh4 f4+ 87. Rxf4 Rxf4 88. Kxf4 {[%emt 0:00:02] Whites escaped into a draw.  Weighted Error Value: White=0.19 (very precise) /Black=0.14 (very precise)} 1/2-1/2

[Event "13th Dolomiti-Forni di Sopra-A 2022"]
[Site "Forni di Sopra"]
[Date "2022.06.19"]
[Round "9.2"]
[White "Dardha, Daniel"]
[Black "Karttunen, Mika"]
[Result "1-0"]
[ECO "A29"]
[WhiteElo "2561"]
[BlackElo "2488"]
[Annotator "TA"]
[PlyCount "105"]
[EventDate "2022.06.13"]
[EventType "swiss"]
[EventCountry "ITA"]
[SourceTitle "playchess.com"]
[Source "ChessBase"]
[SourceQuality "1"]
[TimeControl "40/5400+30:1800+30"]

1. c4 e5 2. g3 Nc6 3. Bg2 Nf6 4. Nf3 g6 5. O-O Bg7 6. d4 exd4 7. Nxd4 Nxd4 8. Qxd4 O-O 9. Nc3 d6 10. Qd2 {[%emt 0:01:18] A29: English Opening: Four Knights Variation with 4 g3.} c6 11. Rd1 Be6 12. Qxd6 {[%emt 0:03:01] The position is equal.} Qxd6 13. Rxd6 Bxc4 14. Bg5 Be6 {[%emt 0:05:23] [#]} 15. Rad1 $146 ({Predecessor:} 15. e4 h6 16. Be3 Ng4 17. Bd4 Ne5 18. f4 Nc4 19. Bxg7 Kxg7 20. Rd4 c5 21. Rdd1 {0-1 (55) Bartelborth,T-Dueball,J (2445) Germany 1985}) 15... h6 16. Be3 Ne8 17. R6d2 {[%emt 0:03:05] Strongly threatening Bc5.} Nc7 18. h4 Rfe8 19. Bf4 Na6 20. Bf3 Nb4 (20... h5 $11 {keeps the balance.}) 21. a3 $16 Na6 22. Ne4 {[%emt 0:02:05] Against Nc5} Bb3 23. Nd6 Re7 (23... Bxd1 $14 24. Nxe8 Rxe8) 24. Rc1 {[%emt 0:00:20][%cal Od6b7,Bd1c1,Bc1c4,Bc4e4][%mdl 32] Hoping for Nxb7!} Rf8 25. Nc4 {[%emt 0:02:55] Bd6 is the strong threat.} Bxc4 26. Rxc4 Nc7 27. Be3 Ne6 28. b4 a6 29. Bb6 Be5 30. Re4 {[%emt 0:01:33] White leaves nothing to chance now.} Bf6 31. h5 g5 (31... Rfe8 $142) 32. Bg4 Rfe8 33. Re3 Nf8 34. Rxe7 {[%emt 0:03:09] White is more active.} Bxe7 35. Bd7 Ra8 36. Bf5 f6 (36... Bf6 $142 37. e4 Bc3) 37. Kg2 Kf7 38. f4 gxf4 (38... Rb8 $142 39. e3 a5) 39. gxf4 $18 a5 40. Bxa5 b6 (40... Ne6 $142 41. e3 Ng7) 41. Bxb6 {[%emt 0:30:53] And now Rd3 would win.} Rxa3 42. Rc2 Ra6 43. Be3 {[%emt 0:00:00] aiming for Bd3. A strong pair of Bishops.} ({Much less strong is} 43. Rxc6 Bd8 $18) 43... Ra4 $2 {[%emt 0:00:00] [#]} (43... Bxb4 44. Bd3 Ra5 45. Rxc6 Rxh5) 44. Rxc6 {[%emt 0:00:00] White is clearly winning.} Rxb4 45. Rc7 Rb5 46. Bg6+ Ke6 47. f5+ Kd6 48. Bf4+ Re5 49. Rb7 Nd7 (49... Kc6 $142 50. Rb2 Nd7 51. Bxh6 Bf8) 50. Be8 Nc5 51. Bxe5+ fxe5 52. Rb6+ Kc7 53. Rxh6 {[%emt 0:00:00] Weighted Error Value: White=0.11 (very precise) /Black=0.29 (precise)} 1-0

[Event "13th Dolomiti-Forni di Sopra-A 2022"]
[Site "Forni di Sopra"]
[Date "2022.06.19"]
[Round "9.4"]
[White "Korneev, Oleg"]
[Black "Podetti, Davide"]
[Result "1-0"]
[ECO "C54"]
[WhiteElo "2521"]
[BlackElo "2238"]
[Annotator "TA"]
[PlyCount "75"]
[EventDate "2022.06.13"]
[EventType "swiss"]
[EventCountry "ITA"]
[SourceTitle "playchess.com"]
[Source "ChessBase"]
[SourceQuality "1"]
[TimeControl "40/5400+30:1800+30"]

1. e4 e5 2. Nf3 Nc6 3. Bc4 Bc5 4. O-O Nf6 5. d3 d6 6. c3 a6 7. Bb3 Ba7 8. Nbd2 O-O 9. h3 Be6 10. Re1 h6 11. Nf1 Re8 12. N3h2 d5 {[%emt 0:12:17] C54: Giuoco Piano: 4 c3 Nf6, main lines with 5 d4 and 5 d3.} 13. Qf3 dxe4 14. dxe4 Bxb3 {[%emt 0:00:33] The position is equal.} 15. axb3 Qe7 16. Ng3 {[%emt 0:00:00] Threatens to win with Nf5.} Qe6 17. b4 Bb6 18. Ng4 Nxg4 19. hxg4 Rad8 20. Nf5 Rd7 {[%emt 0:02:41] [#]} 21. g3 $146 ({Predecessor:} 21. g5 hxg5 22. Bxg5 f6 23. Be3 Bxe3 24. Nxe3 Ne7 25. Rad1 {½-½ (37) Sedina,E (2326)-Heimann,A (2463) Switzerland 2014}) 21... Ne7 22. Kg2 f6 23. Rh1 {[%emt 0:00:00][%cal Oc1h6] aiming for Bxh6!} Nxf5 24. gxf5 Qc4 {[%emt 0:02:40] [#]} (24... Qb3 $1 $11 {remains equal.}) 25. Bxh6 $1 $16 gxh6 26. Rxh6 {[%emt 0:00:00] Black must now prevent Qh5.} Rf7 $2 (26... Kf8 $16) 27. Rd1 $1 $18 {[%emt 0:00:00] Threatening mate with Qg4+.} Kf8 {[%emt 0:06:28] [#]} 28. g4 $1 Ke7 29. g5 $1 $40 {[%emt 0:00:00][%mdl 128] gxf6+ is the strong threat. Black is in trouble.} Rg7 {[%emt 0:00:23] [#]} 30. g6 {[%emt 0:00:00] The board is on fire.} ({White has to play} 30. Kh2 $1 $18 Rf8 31. b3 Qxb3 32. Qd3) 30... Rd8 $2 (30... c6 $14) 31. Rxd8 Kxd8 32. b3 Qxb3 33. Qd3+ Kc8 (33... Bd4 $142 34. Rh8+ Kd7) 34. Rh8+ Rg8 35. Rxg8+ Qxg8 36. Qd5 {[%emt 0:00:09] White is clearly winning.} Qh8 37. Qf7 {[%emt 0:00:26] Hoping for g7.} Kb8 38. Qh7 {[%emt 0:01:56] Weighted Error Value: White=0.09 (flawless) /Black=0.51} 1-0

[Event "13th Dolomiti-Forni di Sopra-A 2022"]
[Site "Forni di Sopra"]
[Date "2022.06.19"]
[Round "9.5"]
[White "Ceschia, Ivano"]
[Black "Harshavardhan G B"]
[Result "0-1"]
[ECO "E60"]
[WhiteElo "2252"]
[BlackElo "2367"]
[Annotator "TA"]
[PlyCount "54"]
[EventDate "2022.06.13"]
[EventType "swiss"]
[EventCountry "ITA"]
[SourceTitle "playchess.com"]
[Source "ChessBase"]
[SourceQuality "1"]
[TimeControl "40/5400+30:1800+30"]

1. Nf3 Nf6 2. d4 c5 3. e3 g6 4. Be2 Bg7 5. O-O O-O 6. c4 cxd4 7. exd4 d5 8. Ne5 {[%emt 0:00:00] E60: King's Indian: Unusual lines and Fianchetto Variation without Nc3.} Nc6 9. Nxc6 bxc6 10. Nc3 {[%emt 0:00:00] The position is equal.} Be6 {[%emt 0:00:31] [#]} 11. Qa4 $146 ({Predecessor:} 11. c5 Qb8 12. Bf3 Bf5 13. Re1 e5 14. dxe5 Nd7 15. Bg4 Bxg4 16. Qxg4 Nxe5 17. Qg3 {0-1 (30) Ceschia,I (2259)-Amato,A (2339) Montesilvano 2021}) 11... Qc7 12. h3 Rfd8 13. Be3 dxc4 14. Bxc4 Bxc4 15. Qxc4 Qb7 16. b3 Nd5 17. Rac1 Rac8 18. Ne4 Qb5 19. Rfd1 h6 20. Nc3 Qb7 21. Nxd5 Rxd5 22. Qa4 Qd7 23. Re1 g5 24. Rc4 f5 25. f3 {[%emt 0:01:07] [#]} (25. Qa6 $11) 25... e5 $1 $17 26. dxe5 Rxe5 {[%emt 0:00:06] And now ...Rce8 would win.} 27. Rcc1 $2 {[%emt 0:00:33][%mdl 8192] [#]} (27. Qa3 $17 {nothing else works.}) 27... Rxe3 $1 {[%emt 0:00:57][%mdl 512] Weighted Error Value: White=0.30/Black=0.04 (flawless)} 0-1

[Event "13th Dolomiti-Forni di Sopra-A 2022"]
[Site "Forni di Sopra"]
[Date "2022.06.19"]
[Round "9.6"]
[White "Ceres, Dragos"]
[Black "Vezzosi, Paolo"]
[Result "1-0"]
[ECO "B31"]
[WhiteElo "2380"]
[BlackElo "2225"]
[Annotator "TA"]
[PlyCount "71"]
[EventDate "2022.06.13"]
[EventType "swiss"]
[EventCountry "ITA"]
[SourceTitle "playchess.com"]
[Source "ChessBase"]
[SourceQuality "1"]
[TimeControl "40/5400+30:1800+30"]

1. e4 c5 2. Nf3 Nc6 3. Bb5 g6 4. O-O Bg7 5. Nc3 Nh6 6. d3 {[%emt 0:02:39] B31: Sicilian: 2...Nc6 3 Bb5 g6.} O-O 7. h3 d6 8. Be3 {[%emt 0:04:06] White is slightly better.} f5 $1 9. Qd2 Nf7 10. Bc4 Na5 11. Bxf7+ (11. Ng5 {feels hotter.} Nxc4 12. dxc4 Qd7 13. Rae1) 11... Rxf7 {[%emt 0:01:34] [#]} 12. e5 $146 (12. Nd5 $1 $11) ({Predecessor:} 12. Bh6 fxe4 13. Nxe4 Rxf3 14. Bxg7 Kxg7 15. gxf3 Nc6 16. Kg2 Qf8 17. c3 Bd7 18. Qe3 {0-1 (83) Yoo,C (2500)-Deac,B (2679) Chess.com INT 2022}) 12... dxe5 $15 13. Bxc5 b6 14. Ba3 Bb7 15. Qe3 Nc6 16. Rac1 Rc8 17. Rfe1 h6 {[%emt 0:02:01] Prevents Ng5.} 18. h4 (18. b3 $17) 18... Qd7 $19 19. Qd2 Rff8 (19... Rd8 $19 {[%cal Oe5e4] Strongly threatening ...e4!} 20. Qe3 Nd4 21. Nxe5 f4 22. Nxd7 fxe3 23. fxe3 Ne6 24. Nxb6 axb6) 20. Re3 {[%emt 0:02:53] Prevents e4.} (20. Qe3 $17) 20... Bf6 21. Rce1 e4 (21... f4 $1 $19 {[%cal Rf4e3] is more deadly.} 22. Rxe5 Nxe5 23. Nxe5 Qf5) 22. dxe4 $17 Qxd2 23. Nxd2 Bxh4 ({Black should try} 23... Nd4 $15 24. exf5 Nxc2 25. Rxe7 Nxe1 26. Rxb7 Bxc3 27. bxc3 Rf7 28. Rxf7 Kxf7) 24. Nf3 Bf6 25. Nd5 fxe4 26. Rxe4 Rfd8 (26... Rf7 $11) 27. Nxf6+ $16 exf6 28. Re6 {[%emt 0:00:09] Inhibits Ne5. White is more active.} Kf7 {[%emt 0:00:00] [#]} 29. Re7+ $1 Nxe7 30. Rxe7+ Kg8 {[%emt 0:00:00] Threatens to win with ...Bxf3.} 31. Rxb7 {[%emt 0:00:04] Black must now prevent Be7.} Rxc2 {[%emt 0:00:00] [#]} 32. Be7 $1 Rd1+ 33. Kh2 Rxb2 (33... Rf1 $1 $14 {is superior.}) 34. Bxf6 {[%emt 0:00:11] Ne5 would kill now.} Rxf2 35. Kg3 Rxa2 {[%emt 0:00:00][%mdl 8192] [#]} (35... Rdf1 $16) 36. Ne5 $1 {[%emt 0:00:32] Never resign too early!  Weighted Error Value: White=0.19 (very precise) /Black=0.47} ({Weaker is} 36. Rg7+ Kf8 $11) 1-0

[Event "13th Dolomiti-Forni di Sopra-A 2022"]
[Site "Forni di Sopra"]
[Date "2022.06.19"]
[Round "9.7"]
[White "Kozlovic, Jernej"]
[Black "Cappelletto, Joshuaede"]
[Result "1/2-1/2"]
[ECO "A48"]
[WhiteElo "2005"]
[BlackElo "2276"]
[Annotator "NA RC"]
[PlyCount "81"]
[EventDate "2022.06.13"]
[EventType "swiss"]
[EventCountry "ITA"]
[SourceTitle "playchess.com"]
[Source "ChessBase"]
[SourceQuality "1"]
[TimeControl "40/5400+30:1800+30"]

1. Nf3 Nf6 2. d4 g6 3. Bf4 Bg7 4. e3 O-O 5. Nbd2 d6 6. h3 Nbd7 7. c3 b6 8. Bc4 Bb7 9. O-O Qe8 10. Bh2 e5 11. a4 a6 12. Qe2 Qe7 13. b4 Kh8 14. Rfc1 Nh5 15. Rab1 e4 16. Ne1 f5 17. g4 fxg4 18. hxg4 Nhf6 19. Ng2 g5 20. a5 Ng8 21. Ra1 b5 22. Bb3 Ndf6 23. c4 c6 24. c5 dxc5 25. Rxc5 Nd7 26. Rf5 Nh6 27. Rxf8+ Rxf8 28. Rc1 Qxb4 29. Bc2 Qa3 30. Rd1 Nf6 31. Nxe4 Nxe4 32. Bxe4 Qxa5 33. Bd6 Re8 34. Bb1 Qc3 35. f4 Bc8 36. Rd3 Qc1+ 37. Rd1 Qc4 38. Qxc4 bxc4 39. fxg5 Nf7 40. Bf4 Bxg4 41. Rc1 1/2-1/2

[Event "13th Dolomiti-Forni di Sopra-A 2022"]
[Site "Forni di Sopra"]
[Date "2022.06.19"]
[Round "9.8"]
[White "Harshita Guddanti"]
[Black "Caruso, Augusto"]
[Result "1-0"]
[ECO "C63"]
[WhiteElo "2208"]
[BlackElo "2127"]
[Annotator "NA RC"]
[PlyCount "73"]
[EventDate "2022.06.13"]
[EventType "swiss"]
[EventCountry "ITA"]
[SourceTitle "playchess.com"]
[Source "ChessBase"]
[SourceQuality "1"]
[TimeControl "40/5400+30:1800+30"]

1. e4 e5 2. Nf3 Nc6 3. Bb5 a6 4. Ba4 f5 5. d3 fxe4 6. dxe4 Nf6 7. Nc3 Bb4 8. O-O Bxc3 9. bxc3 d6 10. Qd3 Bg4 11. a3 O-O 12. Bb3+ Kh8 13. h3 Bxf3 14. Qxf3 Nd5 15. Qg4 Nxc3 16. Bd2 Nb5 17. c3 Qf6 18. h4 h6 19. a4 Nba7 20. Rae1 Rae8 21. Qh5 Ne7 22. Re3 Nac6 23. Rg3 Kh7 24. f4 exf4 25. Rxf4 Qe5 26. Rg5 g6 27. Rxe5 gxh5 28. Re6 Ng6 29. Rxe8 Rxe8 30. Rf7+ Kh8 31. Bxh6 Re7 32. Rf5 Rxe4 33. Bg5 Nge7 34. Bf6+ Kh7 35. Rg5 Re2 36. Kf1 Rb2 37. Bf7 1-0

[Event "13th Dolomiti-Forni di Sopra-A 2022"]
[Site "Forni di Sopra"]
[Date "2022.06.19"]
[Round "9.9"]
[White "Bellia, Fabrizio"]
[Black "Tonel, Giulia"]
[Result "1-0"]
[ECO "B08"]
[WhiteElo "2418"]
[BlackElo "1964"]
[Annotator "TA"]
[PlyCount "69"]
[EventDate "2022.06.13"]
[EventType "swiss"]
[EventCountry "ITA"]
[SourceTitle "playchess.com"]
[Source "ChessBase"]
[SourceQuality "1"]
[TimeControl "40/5400+30:1800+30"]

1. e4 d6 2. d4 Nf6 3. Nc3 g6 4. Nf3 Bg7 5. Be2 O-O 6. h3 c6 7. O-O b5 8. e5 Nfd7 {[%emt 0:03:43][%cal Rd6e5] B08: Pirc Defence: Classical System.} 9. exd6 exd6 10. Ne4 {[%emt 0:02:42][%cal Bc3e4,Be4d2,Bd2b3,Bb3a5][%mdl 32] [#]} Qe7 $146 {[%emt 0:04:46] White is slightly better.} ({Predecessor:} 10... Nf6 11. Nxf6+ Bxf6 12. a4 b4 13. Bh6 Bg7 14. Qd2 a5 15. Bxg7 Kxg7 16. c3 bxc3 17. Qxc3 {½-½ (39) Maylott,P (1975)-Thiel,K (2053) ICCF email 2017}) 11. Bd3 d5 12. Ned2 Nb6 13. Re1 Be6 14. Nb3 N8d7 15. Na5 Rac8 (15... Rfc8 $14) 16. b3 Rfe8 17. Bf4 {[%emt 0:04:01] Prevents Qd6.} Nf8 18. Qd2 f6 19. a3 (19. a4 $142 a6 20. Qc3) 19... Qd7 $16 20. Bg3 Bf7 21. Rxe8 Bxe8 22. a4 a6 23. Qb4 Ne6 24. Bd6 Ra8 25. Re1 Nc8 26. Bg3 Bf8 27. Qc3 Kf7 (27... Kg7 $14 {might be stronger.}) 28. Qd2 ({Better is} 28. h4 $16) 28... Nd6 29. c4 Ng7 {[%emt 0:06:52] [#]} (29... Kg8 $14) 30. Bh2 {[%emt 0:05:37] White is much more active.} (30. Be5 $1 $16 ) 30... Nb7 $2 (30... Kg8 $11) 31. c5 ({White should play} 31. cxd5 $18 cxd5 {[#]} 32. Qf4 $1) 31... Be7 $2 (31... Kg8 $14) 32. Nxb7 Qxb7 33. Bd6 Bf8 34. Qh6 bxa4 35. Qxh7 {[%emt 0:01:15] Weighted Error Value: White=0.25 (precise) /Black=0.55} 1-0

[Event "13th Dolomiti-Forni di Sopra-A 2022"]
[Site "Forni di Sopra"]
[Date "2022.06.19"]
[Round "9.10"]
[White "Lavorgna, Giovanni"]
[Black "Pozzari, Simone"]
[Result "0-1"]
[ECO "A96"]
[WhiteElo "1834"]
[BlackElo "2184"]
[Annotator "NA RC"]
[PlyCount "62"]
[EventDate "2022.06.13"]
[EventType "swiss"]
[EventCountry "ITA"]
[SourceTitle "playchess.com"]
[Source "ChessBase"]
[SourceQuality "1"]
[TimeControl "40/5400+30:1800+30"]

1. d4 f5 2. c4 e6 3. Nf3 Nf6 4. g3 Be7 5. Bg2 O-O 6. O-O d6 7. Nc3 Ne4 8. Qc2 Nxc3 9. Qxc3 Nc6 10. Rd1 a5 11. b3 Bf6 12. Bb2 Qe8 13. Qc2 e5 14. dxe5 dxe5 15. e4 f4 16. Rd2 Qh5 17. gxf4 exf4 18. e5 Be7 19. Qe4 Bf5 20. Qd5+ Kh8 21. Rad1 Rad8 22. Qb5 Rxd2 23. Rxd2 Be4 24. Qxb7 Bxf3 25. Bxf3 Qxf3 26. Qxc7 Qg4+ 27. Kf1 f3 28. Rd7 Qg2+ 29. Ke1 Qg1+ 30. Kd2 Qxf2+ 31. Kc3 Bb4+ 0-1

[Event "13th Dolomiti-Forni di Sopra-A 2022"]
[Site "Forni di Sopra"]
[Date "2022.06.19"]
[Round "9.11"]
[White "Fiorido, Giuseppe"]
[Black "Higatsberger, Michael"]
[Result "1-0"]
[ECO "B51"]
[WhiteElo "2002"]
[BlackElo "2046"]
[Annotator "NA RC"]
[PlyCount "83"]
[EventDate "2022.06.13"]
[EventType "swiss"]
[EventCountry "ITA"]
[SourceTitle "playchess.com"]
[Source "ChessBase"]
[SourceQuality "1"]
[TimeControl "40/5400+30:1800+30"]

1. e4 c5 2. Nf3 d6 3. Bb5+ Nd7 4. Bxd7+ Qxd7 5. O-O g6 6. c4 Bg7 7. Nc3 Nf6 8. Re1 O-O 9. d4 cxd4 10. Nxd4 h6 11. b3 Qd8 12. Bb2 Bd7 13. Qd2 Kh7 14. Rad1 Rc8 15. Kh1 h5 16. Nd5 Ng4 17. h3 Bh6 18. Qe2 e6 19. Ne3 Nxe3 20. fxe3 Qa5 21. Qd3 Bg7 22. Bc3 Qc7 23. Ne2 Bc6 24. Bxg7 Kxg7 25. Rf1 Rcd8 26. Nc3 b6 27. Qd4+ f6 28. Rf2 Qe7 29. Rdf1 Rf7 30. Kg1 e5 31. Qd3 Qb7 32. Rd1 a6 33. a4 a5 34. Rfd2 f5 35. exf5 Rxf5 36. Nd5 Rdf8 37. e4 R5f7 38. Qe3 Rb8 39. Nc3 Rf4 40. Rxd6 Qa8 41. Nd5 Rf7 42. Qg3 1-0